 Dungeon Crawl Stone Soup version 0.21.1-1-g345015fe64 (webtiles) character file.

3562 Lusmu the Arsonist (level 9, -9/62 HPs)
             Began as a Purple Draconian Fire Elementalist on Apr 9, 2018.
             Was a Follower of Vehumet.
             Killed from afar by an orc wizard (17 damage)
             ... with a wand of acid (8)
             ... on level 9 of the Dungeon.
             The game lasted 00:50:10 (12948 turns).

Lusmu the Arsonist (DrFE)                          Turns: 12948, Time: 00:50:11

Health: -9/62      AC:  3    Str: 12    XL:     9   Next: 83%
Magic:  12/12      EV: 11    Int: 20    God:    Vehumet [*.....]
Gold:   317        SH:  3    Dex: 12    Spells: 3/12 levels left

rFire    . . .     SeeInvis .   x - +2 flail (protect)
rCold    . . .     Gourm    .   m - +0 buckler
rNeg     . . .     Faith    .   (armour unavailable)
rPois    .         Spirit   .   (helmet restricted)
rElec    .         Reflect  .   (no cloak)
rCorr    .         Harm     .   (no gloves)
MR       +....                  (no boots)
Stlth    ++........             (no amulet)
HPRegen  0.20/turn              M - +5 ring of slaying
MPRegen  0.13/turn              O - +3 ring of intelligence

@: corroded, flying
A: breathe power, unfitting armour, cold-blooded, AC +7
a: Breathe Dispelling Energy, Renounce Religion


You were on level 9 of the Dungeon.
You worshipped Vehumet.
Vehumet was aware of your devotion.
You were hungry.

You visited 2 branches of the dungeon, and saw 10 of its levels.

You collected 317 gold pieces.

Inventory:

Hand Weapons
 x - a +2 flail of protection (weapon)
 D - a +0 shortbow
Missiles
 f - 128 arrows
 i - 89 bolts
 k - 40 poisoned needles
 C - 3 poisoned tomahawks (quivered)
 N - 9 tomahawks
Armour
 m - a +0 buckler (worn)
Jewellery
 z - an uncursed ring of protection from cold
 F - an uncursed ring of positive energy
 K - an uncursed ring of see invisible
 M - a +5 ring of slaying (left hand)
 O - a +3 ring of intelligence (right hand)
Wands
 d - a wand of flame (24)
 t - a wand of paralysis (12)
 G - a wand of digging (14)
 I - a wand of enslavement (5)
Scrolls
 h - 16 scrolls of remove curse
 j - 3 scrolls of enchant armour
 r - a scroll of noise {unknown}
 s - a scroll of blinking {unknown}
 v - 2 scrolls of fear {unknown}
 A - 2 scrolls of amnesia {unknown}
 E - a scroll of identify
Potions
 c - 2 potions of flight
 e - a potion of ambrosia
 g - 2 potions of curing
 n - a potion of might
 o - a potion of heal wounds
 p - a potion of magic {unknown}
 q - 5 potions of agility
 u - a potion of brilliance {unknown}
 w - 2 potions of haste {unknown}
 B - a potion of resistance {unknown}
 H - 3 potions of degeneration {unknown}
 P - a potion of lignification {unknown}
Books
 a - a book of Flames

   Spells                             Type                      Level
   a - Flame Tongue                   Conjuration/Fire             1
   b - Throw Flame                    Conjuration/Fire             2
   c - Conjure Flame                  Conjuration/Fire             3
   d - Inner Flame                    Hexes/Fire                   3
   e - Sticky Flame                   Conjuration/Fire             4
   f - Fireball                       Conjuration/Fire             5
 y - a book of Misfortune

   Spells                             Type                      Level
   a - Confusing Touch                Hexes                        1
   b - Confuse                        Hexes                        3
   c - Gell's Gravitas                Translocation                3
   d - Petrify                        Transmutation/Earth          4
   e - Metabolic Englaciation         Hexes/Ice                    5
   f - Yara's Violent Unravelling     Hexes/Transmutation          5
Miscellaneous
 J - a crystal ball of energy
Comestibles
 b - 11 rations


   Skills:
 - Level 1.7 Dodging
 - Level 1.7 Stealth
 - Level 2.4 Spellcasting
 * Level 10.0 Conjurations
 * Level 10.4 Fire Magic


You had 3 spell levels left.
You knew the following spells:

 Your Spells              Type           Power        Failure   Level  Hunger
a - Flame Tongue          Conj/Fire      #####        1%          1    #......
b - Conjure Flame         Conj/Fire      #####...     1%          3    ###....
c - Fireball              Conj/Fire      #####.....   11%         5    ######.


Dungeon Overview and Level Annotations

Branches:
Dungeon (8/15)             Temple (1/1) D:6            Lair (0/6) D:9

Altars:
Ashenzari
Cheibriados
Dithmenos
Elyvilon
Fedhas
Gozag
Hepliaklqana
Kikubaaqudgha
Makhleb
Nemelex Xobeh
Okawaru
Qazlal
Ru
Sif Muna
Trog
Uskayaw
Vehumet
Wu Jian
Xom
Yredelemnul
Zin
The Shining One

Shops:
D:5 (

Annotations:
D:3 Thargor's ghost, amateur FoFi


Innate Abilities, Weirdness & Mutations

You can breathe bolts of dispelling energy.
Your rich purple scales are hard. (AC +7)
You cannot fit into any form of body armour.
You are cold-blooded and may be slowed by cold attacks.


Message History

You feel very buoyant.
You fly up into the air.
The orc wizard zaps a wand.
The bolt of acid misses you.
It is a wand of acid (10).
The orc priest mumbles some strange prayers to Beogh against you.
Beogh smites you!
The orc wizard shouts!
Found a stone staircase leading up.
The orc wizard zaps a wand.
The bolt of acid hits you! The acid corrodes you!
You are splashed with acid!
The acid burns!
* * * LOW HITPOINT WARNING * * *
An orc comes into view. It is wielding a mace.
The orc wizard zaps a wand.
The bolt of acid hits the orc.
The orc is splashed with acid.
The acid corrodes the orc!
The orc dies!
The bolt of acid misses you.
There is a stone staircase leading up here.
The orc shouts!
You hear a shout!
The orc wizard zaps a wand.
The bolt of acid hits you!
You die...

....# # ..o#
#. ...' #..
#..# #
#..##..# .#
#......##'##
#..........#
.# Y(.#
#.....@.# .#
'.#..#
#.##..).#..#
#.#.(#
#..........#
#....+
#......#####
#....#
#..###o#
#...O####
#.....o#
#..#.#...
#......#
#....#...
#....oo#
#....###'
#...#..#
#####....


You could see an orc priest, 2 orc wizards and 2 orcs.

Vanquished Creatures
  2 hippogriffs (D:9)
  An ice beast (D:9)
  A sky beast (D:6)
  A black bear (D:7)
  2 necrophages
  A phantom (D:7)
  A centaur (D:5)
  9 bullfrogs
  5 scorpions
  9 killer bees (D:9)
  2 vampire bats (D:4)
  2 howler monkeys
  A crimson imp (D:5)
  2 centaur zombies
  3 hounds
  2 orc wizards
  An orc priest (D:3)
  2 gnoll shamans
  3 jellies
  A bullfrog skeleton (D:7)
  Ijyb (D:3)
  2 iguanas
  10 worker ants
  2 hound skeletons (D:6)
  11 gnolls
  A howler monkey skeleton (D:6)
  14 adders
  A river rat (D:3)
  An adder zombie (D:6)
  4 worms
  6 leopard geckos
  9 orcs
  9 bats
  4 bat skeletons (D:4)
  3 bat zombies (D:4)
  6 giant cockroaches
  6 goblins
  6 hobgoblins
  24 jackals
  8 kobolds
  3 quokkas
  6 ball pythons
  6 frilled lizards
  A giant cockroach zombie (D:5)
  A jackal zombie (D:4)
  A leopard gecko zombie (D:7)
  A quokka skeleton (D:5)
  8 rats
206 creatures vanquished.

Vanquished Creatures (others)
  2 gnolls (D:9)
  An orc (D:9)
3 creatures vanquished.

Grand Total: 209 creatures vanquished

Notes
Turn   | Place    | Note
-------+----------+-------------------------------------------
     0 | D:1      | Lusmu the Draconian Fire Elementalist began the quest for the Orb.
     0 | D:1      | Reached XP level 1. HP: 14/14 MP: 3/3
   427 | D:1      | Reached XP level 2. HP: 12/20 MP: 0/5
  1512 | D:1      | Reached XP level 3. HP: 24/26 MP: 4/6
  1850 | D:2      | Reached XP level 4. HP: 33/33 MP: 5/7
  2592 | D:2      | Found a snail-covered altar of Cheibriados.
  2758 | D:2      | Found a blossoming altar of Fedhas.
  3345 | D:3      | Noticed Thargor's ghost (amateur FoFi)
  3491 | D:3      | Reached XP level 5. HP: 26/38 MP: 0/8
  3637 | D:3      | Found a stormy altar of Qazlal.
  3952 | D:3      | Learned a level 3 spell: Conjure Flame
  4068 | D:3      | Found a deep blue altar of Sif Muna.
  4262 | D:3      | Noticed Ijyb
  4273 | D:3      | Killed Ijyb
  4357 | D:3      | Reached skill level 5 in Fire Magic
  4790 | D:3      | Reached XP level 6. HP: 45/45 MP: 5/9
  4959 | D:2      | Found a burning altar of Makhleb.
  4959 | D:2      | Found an ornate altar of the Wu Jian Council.
  4962 | D:2      | Found a sacrificial altar of Ru.
  5345 | D:4      | Found an ancient bone altar of Kikubaaqudgha.
  5463 | D:4      | You fall through a shaft!
  5463 | D:5      | Entered Level 5 of the Dungeon
  5555 | D:4      | Reached skill level 5 in Conjurations
  6005 | D:4      | Your scales start taking on a rich purple colour.
  6005 | D:4      | Reached XP level 7. HP: 50/50 MP: 6/10
  6195 | D:4      | Found a hazy altar of Hepliaklqana.
  7121 | D:5      | Found Efucec's Antique Weapon Shop.
  7625 | D:6      | Reached XP level 8. HP: 42/57 MP: 0/11
  8123 | D:6      | Found a staircase to the Ecumenical Temple.
  8184 | Temple   | Entered the Ecumenical Temple
  8381 | Temple   | Became a worshipper of Vehumet
  8694 | D:6      | Found a sparkling altar of Nemelex Xobeh.
  8705 | D:6      | Found a sacrificial altar of Ru.
  9530 | D:7      | Noticed a hand axe
  9531 | D:7      | Noticed a hand axe
  9533 | D:7      | Found a hide-covered altar of Uskayaw.
  9727 | D:7      | Reached * piety under Vehumet
  9727 | D:7      | Offered knowledge of Freeze by Vehumet.
  9730 | D:7      | Reached XP level 9. HP: 53/62 MP: 1/12
 10994 | D:8      | Noticed a two-headed ogre
 11011 | D:8      | You fall through a shaft!
 11124 | D:9      | Learned a level 5 spell: Fireball
 11174 | D:9      | Found a shimmering altar of Xom.
 11258 | D:9      | Found a staircase to the Lair.
 11626 | D:9      | Reached skill level 10 in Fire Magic
 12681 | D:9      | Reached skill level 10 in Conjurations
 12842 | D:9      | Noticed a two-headed ogre
 12948 | D:9      | Killed from afar by an orc wizard

Skill      XL: |  1  2  3  4  5  6  7  8  9 |
---------------+----------------------------+-----
Conjurations   | 2 3 4 5 6 8 10 | 10.0
Fire Magic     | 4 5 6 7 8 10 | 10.4
Dodging        | |  1.7
Stealth        | |  1.7
Spellcasting   | |  2.4

Action                   |  1- 3 |  4- 6 |  7- 9 || total
-------------------------+-------+-------+-------++-------
Melee: Dagger            |    97 |    97 |       ||   194
       Tailslap          |     5 |    18 |    15 ||    38
       Spear             |       |    63 |       ||    63
       Flail             |       |       |   189 ||   189
Throw: Tomahawk          |       |       |     3 ||     3
 Cast: Flame Tongue      |    28 |   134 |   239 ||   401
       Conjure Flame     |       |       |     4 ||     4
 Abil: Breathe Dispellin |       |       |     1 ||     1
Evoke: Wand              |       |     3 |    12 ||    15
  Use: Scroll            |     4 |     5 |     1 ||    10
       Potion            |       |       |     4 ||     4
 Stab: Sleeping          |       |     3 |     2 ||     5
       Paralysed         |       |     8 |     3 ||    11
  Eat: Chunk             |     4 |    14 |    11 ||    29
       Ration            |       |       |     4 ||     4
Armor: Skin              |    68 |   112 |   163 ||   343
Dodge: Dodged            |   129 |   181 |   250 ||   560
Block: Buckler           |       |    31 |    54 ||    85
